 Seeded DCSS version 0.30-a0-377-g5cb311bc9f (webtiles) character file.

Game seed: 16745848877469712179 (custom seed)

1264 purpskrrrp the Covert (level 8, -2/46 HPs)
             Began as a Vampire Brigand on Nov 28, 2022.
             Was an Initiate of Wu Jian.
             Killed from afar by Dowan (9 damage)
             ... with a stone arrow
             ... on level 6 of the Dungeon.
             The game lasted 00:08:45 (4659 turns).

purpskrrrp the Covert (Vampire Brigand)             Turns: 4659, Time: 00:08:46

Health: -2/46      AC:  0    Str:  6 (10) XL:     8   Next: 27%
Magic:  1/8        EV: 21    Int: 10 (14) God:    Wu Jian [......]
Gold:   350        SH:  0    Dex: 18 (22) Spells: 7/7 levels left

rFire   . . .      SeeInvis +    (weapon currently unavailable)
rCold   + + .      Faith    .    (shield currently unavailable)
rNeg    + + +      Spirit   .    (body armour currently unavailable)
rPois   ∞          Reflect  .    (helmet currently unavailable)
rElec   .          Harm     .    (cloak currently unavailable)
rCorr   .          Rampage  .    (gloves currently unavailable)
Will    .....                    (boots currently unavailable)
Stlth   +++++++...               (no amulet)
HPRegen 0.00/turn                (ring currently unavailable)
MPRegen 0.11/turn                (ring currently unavailable)

@: bat-form, flying, bloodless, inhibited regen, very quick
A: fast, flying, no casting, tiny, bloodless, fangs 3, see invisible, vampiric 2
a: Revivify, End Transformation, Renounce Religion


You were on level 6 of the Dungeon.
You worshipped Wu Jian.
Wu Jian was noncommittal.
You were a vampire bat.
You visited 2 branches of the dungeon, and saw 7 of its levels.

You collected 350 gold pieces.

Inventory:

Hand Weapons
 a - a +2 dagger of flaming
 n - the +12 dagger of Uqoemi Hobby (melded) {protect, MP+9}
   (You took it off a kobold on level 2 of the Dungeon)

   It grants its wielder temporary protection when it strikes (+7 to AC).
   MP:        It affects your magic capacity (+9).
 s - a +4 quarterstaff of chaos
Missiles
 d - 18 poisoned darts
 e - 8 curare-tipped darts
 h - 5 atropa-tipped darts
Armour
 b - a +1 robe (melded)
 c - a +1 cloak
 t - a +0 cloak
 u - the +0 cloak "Ocyjic" (melded) {Rampage rN+ Int+6}
   (You found it on level 3 of the Dungeon)

   Int:       It affects your intelligence (+6).
   rN:        It protects you from negative energy.
   Rampage:   It bestows one free step when moving towards enemies.
 v - a +0 pair of boots (melded)
 A - a +0 pair of gloves (melded)
Jewellery
 i - a ring of magical power (melded)
 B - a ring of willpower
Wands
 q - a wand of charming (4)
Scrolls
 j - a scroll of noise
 m - 2 scrolls of teleportation
 r - a scroll of butterflies
 w - 2 scrolls of amnesia
Potions
 f - 3 potions of lignification
 g - 3 potions of degeneration {unknown}
 k - 2 potions of attraction {unknown}
 l - 2 potions of curing {unknown}
 o - 2 potions of flight {unknown}
 p - 3 potions of haste {unknown}
 x - a potion of brilliance {unknown}
 z - a potion of mutation {unknown}


   Skills:
 + Level 3.1 Fighting
 + Level 6.0 Short Blades
 - Level 1.5 Throwing
 + Level 3.4 Dodging
 * Level 12.7 Stealth


You had 7 spell levels left.
You didn't know any spells.
Your spell library contained the following spells:

 Spells                   Type           Power      Damage    Failure   Level
 Hailstorm                Conj/Ice       0%         3d3       75%         3
 Animate Dead             Necr           0%         N/A       98%         4
 Ice Form                 Ice/Tmut       0%         N/A       98%         4
 Borgnjor's Vile Clutch   Necr/Erth      0%         N/A       100%        5
 Death Channel            Necr           0%         N/A       100%        6
 Simulacrum               Ice/Necr       0%         N/A       100%        6


Dungeon Overview and Level Annotations

Branches:
Dungeon (6/15)             Temple (1/1) D:5

Altars:
Ashenzari
Cheibriados
Fedhas
Hepliaklqana
Kikubaaqudgha
Makhleb
Nemelex Xobeh
Qazlal
Ru
Sif Muna
Trog
Vehumet
Wu Jian
Yredelemnul

Annotations:
D:6 Dowan


Innate Abilities, Weirdness & Mutations

You are a vampire bat.
You are tiny and dextrous.
You move quickly.
You are flying.
You are immune to poison.
Your equipment is almost entirely melded.
You are incapable of wielding weapons or throwing items.
You cannot cast spells.
You do not regenerate when monsters are visible.
You are frail without blood (-20% HP).
You can heal yourself when you bite living creatures.
You are immune to poison.
You have razor-sharp teeth.
You have supernaturally acute eyesight. (SInv)
You are afflicted with vampirism and can become a bat while bloodless.


Message History

Dowan gestures wildly while chanting.
Dowan blinks!
You are too injured to fight recklessly!
You are too injured to fight recklessly!
You are too injured to fight recklessly!
You are too injured to fight recklessly!
You are too injured to fight recklessly!
You are too injured to fight recklessly!
You are too injured to fight recklessly!
You are too injured to fight recklessly!
You are too injured to fight recklessly!
You are too injured to fight recklessly!
You are too injured to fight recklessly!
You are too injured to fight recklessly!
You are too injured to fight recklessly!
You are too injured to fight recklessly!
You are too injured to fight recklessly!
You are too injured to fight recklessly!
You are too injured to fight recklessly!
You are too injured to fight recklessly!
You are too injured to fight recklessly!
You are too injured to fight recklessly!
You turn into a vampire bat.
The +12 dagger of Uqoemi Hobby {protect, MP+9} melds into your body.
The +0 cloak "Ocyjic" {Rampage rN+ Int+6} melds into your body.
Your +0 pair of gloves melds into your body.
Your +0 pair of boots melds into your body.
Your +1 robe melds into your body.
Your ring of magical power melds into your body.
You feel your magic capacity decrease.
The +12 dagger of Uqoemi Hobby {protect, MP+9} goes still.
You feel your magic capacity decrease.
You feel weakened.
You feel dopey.
You feel clumsy.
Dowan mumbles some strange words.
Dowan blinks!
Dowan hits you with a +0 dagger.
* * * LOW HITPOINT WARNING * * *
Dowan casts a spell at you. The stone arrow hits you!
You die...

##########
#.........
#<########
#.# #.#
##.##
##...##
##.....###
#......b.#
##.....#.#
##...##.#
##.###e#
## ### #.#
..# #.#
#.# #.#
#.# #O#
#.# #.#
#.#


You could see an ogre and Dowan (fast).

Vanquished Creatures
  Duvessa (D:6)
  2 black bears
  A phantom (D:5)
  3 scorpions
  A gnoll sergeant (D:6)
  2 necrophages
  A jelly (D:6)
  Crazy Yiuf (D:2)
  2 hounds
  An orc priest (D:5)
  6 iguanas
  7 adders
  6 gnolls
  6 worms
  5 dart slugs
  9 orcs
  5 bats
  5 endoplasms
  2 giant cockroaches
  10 hobgoblins
  6 jackals
  3 quokkas (D:3)
  4 ball pythons
  17 frilled lizards
  5 goblins
  8 kobolds
  2 rats (D:1)
121 creatures vanquished.

Vanquished Creatures (others)
  6 plants
6 creatures vanquished.

Grand Total: 127 creatures vanquished

Notes
Turn   | Place    | Note
-------+----------+-------------------------------------------
     0 | D:1      | purpskrrrp the Vampire Brigand began the quest for the Orb.
     0 | D:1      | Reached XP level 1. HP: 16/16 MP: 1/1
    39 | D:1      | Reached skill level 6 in Stealth
   526 | D:1      | Reached XP level 2. HP: 17/17 MP: 2/2
   867 | D:2      | Reached skill level 7 in Stealth
   867 | D:2      | Gained mutation: You are afflicted with vampirism and can
                  | become a bat while bloodless. [Vampire growth]
   867 | D:2      | Reached XP level 3. HP: 19/21 MP: 3/3
   930 | D:2      | Identified the +12 dagger of Uqoemi Hobby {protect, MP+9}
  1342 | D:2      | Reached XP level 4. HP: 29/29 MP: 4/4
  1424 | D:2      | Found a runed translucent door.
  1425 | D:2      | Noticed Crazy Yiuf
  1682 | D:2      | Killed Crazy Yiuf
  1683 | D:2      | Reached skill level 8 in Stealth
  1922 | D:3      | Reached XP level 5. HP: 26/26 MP: 5/5
  1941 | D:3      | Identified the +0 cloak "Ocyjic" {Rampage rN+ Int+6}
  2138 | D:3      | Reached skill level 9 in Stealth
  2337 | D:4      | Reached skill level 10 in Stealth
  2337 | D:4      | Reached XP level 6. HP: 35/35 MP: 6/6
  2530 | D:4      | Reached skill level 5 in Short Blades
  2773 | D:4      | Reached skill level 11 in Stealth
  2773 | D:4      | Reached XP level 7. HP: 39/39 MP: 7/7
  3086 | D:5      | Entered Level 5 of the Dungeon
  3536 | D:5      | Found a staircase to the Ecumenical Temple.
  3623 | D:5      | Reached skill level 12 in Stealth
  3805 | D:5      | Reached XP level 8. HP: 45/45 MP: 8/8
  4246 | Temple   | Entered the Ecumenical Temple
  4256 | Temple   | Became a worshipper of the Wu Jian Council
  4628 | D:6      | Noticed Dowan
  4630 | D:6      | Noticed Duvessa
  4633 | D:6      | Killed Duvessa
  4659 | D:6      | Killed from afar by Dowan

Illustrated notes

Levels and vault maps discovered:
D:1:      wander_arrival_chamber, layout_basic
D:2:      minmay_kobold_bridge, layout_loops_ring, basic_altar,
          minmay_lizard_king, uniq_crazy_yiuf_cottage
D:3:      layout_rooms
D:4:      layout_basic, corexii_shack
D:5:      layout_basic, minmay_temple_entry_gardened_gates, nrook_pool_corridor
D:6:      cheibrodos_barr_body, layout_loops_ring, kennysheep_little_box,
          portal_sewer_entry_e, kennysheep_nondescript, grunt_tough_drop,
          uniq_duvessa
Temple:   nicolae_temple_no_exploring_needed

Skill      XL: |  1  2  3  4  5  6  7  8 |
---------------+-------------------------+-----
Stealth        | 6 7 8 10 11 12 | 12.7
Short Blades   | 3 4 5 6 |  6.0
Fighting       | 2 3 |  3.1
Dodging        | 2 3 |  3.4
Throwing       | |  1.5

Action                   |  1- 3 |  4- 6 |  7- 9 || total
-------------------------+-------+-------+-------++-------
Melee: Dagger            |    76 |    87 |    74 ||   237
       Bite              |     5 |     4 |    10 ||    19
       Punch             |       |     2 |       ||     2
Throw: Dart              |     4 |     2 |       ||     6
 Abil: Exsanguinate      |     1 |     1 |       ||     2
       Bat Form          |     1 |       |     2 ||     3
       Revivify          |     1 |       |       ||     1
       End Transformatio |       |       |     1 ||     1
  Use: Scroll            |       |     6 |     4 ||    10
 Stab: Sleeping          |    18 |    26 |    14 ||    58
       Distracted        |       |       |     1 ||     1
Armor: Robe              |    15 |    15 |    23 ||    53
Dodge: Dodged            |    32 |    40 |    29 ||   101

Table legend: (Time is in decaauts)
 A = Elapsed time spent in this place.
 B = Non-inter-level travel time spent in this place.
 C = Inter-level travel time spent in this place.
 D = Time resting spent in this place.
 E = Time spent auto-exploring this place.
 F = Levels seen in this place.
 G = Mean time per level.
                   A        B        C        D        E       F      G
               +--------+--------+--------+--------+--------+-----+--------+
         Total |   4589 |   4391 |    198 |    495 |   3017 |   7 |  655.6 |
       Dungeon |   4570 |   4379 |    191 |    495 |   3017 |   6 |  761.7 |
        Temple |     18 |     11 |      7 |      0 |      0 |   1 |   18.0 |
               +--------+--------+--------+--------+--------+-----+--------+

Top non-repeatable levels by time:
     D:5: 1396 daAuts
     D:2: 897 daAuts
     D:4: 847 daAuts
     D:1: 808 daAuts
     D:3: 500 daAuts
     D:6: 120 daAuts
  Temple: 18 daAuts
